 Dungeon Crawl Stone Soup version 0.13-a0-2910-g7a74111 (webtiles) character file.

8858 PolkaDot the Conjurer (level 11, -3/62 (66) HPs)
             Began as a Vampire Wizard on Sept 1, 2013.
             Was a High Priest of Sif Muna.
             Slain by a black mamba (16 damage)
             ... on Level 2 of the Lair of Beasts.
             The game lasted 02:07:42 (14450 turns).

PolkaDot the Conjurer (Vampire Wizard)             Turns: 14450, Time: 02:07:44

HP  -3/62 (66)   AC  8     Str  9      XL: 11   Next:  5%
MP   0/22        EV 12     Int 23      God: Sif Muna [*****.]
Gold 739         SH  0     Dex 10      Spells:  7 memorised,  0 levels left

Res.Fire  : . . .   See Invis. : +   v - +0,+2 dagger (venom)
Res.Cold  : . . .   Warding    : .   a - +0 robe
Life Prot.: . . .   Conserve   : .   (no shield)
Res.Poison: .       Res.Corr.  : .   b - +1 wizard hat
Res.Elec. : .       Clarity    : .   w - +1 dwarf cloak
Sust.Abil.: . .     Spirit.Shd : .   z - +0 pair of gloves
Res.Mut.  : .       Stasis     : .   J - +1 pair of elf boots
Res.Rott. : .       Flight     : .   (no amulet)
Saprovore : . . .                    p - +3 ring of strength
                                     H - ring of wizardry

@: regenerating quickly, mildly poisoned, somewhat resistant to hostile
enchantments, stealthy
A: bottle blood, fangs 3, see invisible, unbreathing, Dex -2
a: Bottle Blood, Channel Energy, Forget Spell, Renounce Religion


You were on level 2 of the Lair of Beasts.
You worshipped Sif Muna.
Sif Muna was exalted by your worship.
You were very full.

You visited 2 branches of the dungeon, and saw 13 of its levels.

You collected 719 gold pieces.

Inventory:

Hand weapons
 v - a +0,+2 dagger of venom (weapon)
Armour
 a - a +0 robe (worn)
 b - a +1 wizard hat (worn)
 w - a +1 dwarven cloak (worn)
 z - a +0 pair of gloves (worn)
 J - a +1 pair of elven boots (worn)
Magical devices
 m - a wand of confusion (17)
 y - a wand of confusion (9)
 C - a wand of confusion (9)
 G - a wand of flame (14)
 I - a wand of digging (16) {unknown}
Scrolls
 d - a scroll of noise
 f - 2 scrolls of enchant armour
 g - 2 scrolls of fog
 h - a scroll of fear
 i - 11 scrolls of identify
 j - a scroll of magic mapping
 k - 2 scrolls of recharging {unknown}
 l - 7 scrolls of remove curse
 n - 2 scrolls of curse jewellery {unknown}
 o - 2 scrolls of blinking
 q - a scroll of curse weapon
 r - 3 scrolls of amnesia
 s - 3 scrolls of random uselessness
 t - 2 scrolls of enchant weapon II
 A - a scroll of enchant weapon I
 B - a scroll of immolation
 D - a scroll of vulnerability {unknown}
 F - a scroll of vorpalise weapon {unknown}
 L - a scroll of summoning {unknown}
 N - a scroll of curse armour {unknown}
Jewellery
 p - a +3 ring of strength (right hand)
 x - an uncursed ring of sustenance
 H - a ring of wizardry (left hand)
 K - an uncursed ring of fire
Potions
 u - 4 potions of curing
Books
 c - a book of Minor Magic

   Spells                             Type                      Level
   Magic Dart                         Conjuration                  1
   *Blink                             Translocation                2
   *Call Imp                          Summoning                    2
   *Repel Missiles                    Charms/Air                   2
   Slow                               Hexes                        2
   *Conjure Flame                     Conjuration/Fire             3
   *Mephitic Cloud                    Conjuration/Poison/Air       3
 e - a book of Debilitation

   Spells                             Type                      Level
   Corona                             Hexes                        1
   Slow                               Hexes                        2
   Inner Flame                        Hexes/Fire                   3
   Enslavement                        Hexes                        4
   Cause Fear                         Hexes                        4
   Leda's Liquefaction                Hexes/Earth                  4
 E - a book of Death

   Spells                             Type                      Level
   Corpse Rot                         Necromancy                   2
   Sublimation of Blood               Necromancy                   2
   Agony                              Necromancy                   5
   Dispel Undead                      Necromancy                   5
   Excruciating Wounds                Charms/Necromancy            5
   Bolt of Draining                   Conjuration/Necromancy       6
 O - Psac's Collected Works on Aerial Confrontation
   (Sif Muna gifted it to you on level 1 of the Lair of Beasts)

   Spells                             Type                      Level
   *Sting                             Conjuration/Poison           1
   Flame Tongue                       Conjuration/Fire             1
   *Iskenderun's Mystic Blast         Conjuration                  4
   Lightning Bolt                     Conjuration/Air              5
   Freezing Cloud                     Conjuration/Ice/Air          6


   Skills:
 - Level 2.1 Dodging
 + Level 3.3 Stealth
 + Level 3.8 Spellcasting
 * Level 10.6 Conjurations
 - Level 1.0 Summonings
 - Level 0.7 Translocations
 + Level 8.4 Air Magic
 - Level 4.2 Invocations


You couldn't memorise any spells.
You knew the following spells:

 Your Spells              Type           Power        Failure   Level  Hunger
a - Sting                 Conj/Pois      ####         1%          1    None
d - Mephitic Cloud        Conj/Pois/Air  ####....     1%          3    ###....
q - Blink                 Tloc           N/A          5%          2    #......
s - Conjure Flame         Conj/Fire      ####....     1%          3    ###....
w - Call Imp              Summ           #.........   5%          2    #......
z - Iskenderun's Mystic   Conj           ######..     1%          4    ####...
A - Repel Missiles        Chrm/Air       ###.......   1%          2    #......


Dungeon Overview and Level Annotations

Branches:
Dungeon (11/27)            Temple (0/1) D:6             Orc (0/4) D:9
   Lair (2/8) D:11

Altars:
Ashenzari
Sif Muna
Xom

Shops:
D:5 %   D:11 /


Innate Abilities, Weirdness & Mutations

Your natural rate of healing is unusually fast.
You can bottle blood from corpses.
You have razor-sharp teeth.*
You have supernaturally acute eyesight.
You can survive without breathing.*
You are clumsy. (Dex -2)


Message History

You are poisoned.
The black mamba poisons you!
Drink which item? (? for menu, Esc to quit)
You feel better. The black mamba bites you!
* * * LOW HITPOINT WARNING * * *
You are poisoned.
The black mamba poisons you! The black mamba bites you.
* * * LOW HITPOINT WARNING * * *
Casting: Iskenderun's Mystic Blast
Confirm with . or Enter, or press ? or * to list all spells.
Aiming: Mephitic Cloud
Press: ? - help, Shift-Dir - straight line, f/p - black mamba
Aim: a black mamba (heavily wounded)
The beam explodes into a vile cloud!
The stinking cloud engulfs the black mamba.
The black mamba is heavily wounded.
The stinking cloud engulfs you!
* * * LOW HITPOINT WARNING * * *
The black mamba bites you!
You die...

.....................#
...... ..............#
..... .#..#........#
.#P.. .f......#....#
..... .............#
.f. .............## .
..P....§.'....f#
........S#.....#
PPf....§.@....##
........#....#
.#......#.....#
##..#..#....##
............#
...........#
..........# .........
. .


You could see a black mamba.

Vanquished Creatures
  3 hill giants (D:10)
  Psyche (D:8)
  The ghost of Duskembrace the Covert, an experienced SpEn of Ashenzari (D:5)
  Grinder (D:5)
  A troll (D:10)
  A komodo dragon (Lair:1)
  3 blink frogs (Lair:1)
  A two-headed ogre (D:10)
  14 yaks
  A deep elf fighter (D:8)
  A necrophage (D:6)
  3 ice beasts
  2 sky beasts
  A phantom (D:6)
  A crocodile (Lair:1)
  4 ogres
  2 centaurs
  A big kobold (D:8)
  A giant slug (Lair:2)
  3 giant frogs
  A water moccasin (Lair:1)
  An agate snail (Lair:1)
  3 killer bees (D:11)
  3 crimson imps
  6 orc priests
  2 orc wizards
  3 scorpions
  4 hounds
  A quasit (D:8)
  4 iguanas
  4 worker ants
  8 gnolls
  12 adders
  A giant centipede (D:10)
  6 green rats (Lair:1)
  An inept item mimic (D:2)
  A giant mite (D:5)
  An adder skeleton (D:7)
  A giant eyeball (D:8)
  3 giant geckos
  3 oozes (D:3)
  50 orcs
  3 ball pythons
  15 bats
  12 goblins
  13 hobgoblins
  15 jackals
  22 kobolds
  8 quokkas
  11 giant cockroaches
  4 giant newts
  A giant newt skeleton (D:4)
  A giant spore (D:10)
  An orc skeleton (D:10)
  A quokka skeleton (D:10)
  19 rats
  A rat skeleton (D:5)
  A rat zombie (D:5)
  A ballistomycete (D:10)
294 creatures vanquished.

Notes
Turn   | Place    | Note
--------------------------------------------------------------
     0 | D:1      | PolkaDot, the Vampire Wizard, began the quest for the Orb.
     0 | D:1      | Reached XP level 1. HP: 11/11 MP: 6/6
    85 | D:1      | Reached skill level 1 in Conjurations
   365 | D:1      | Reached XP level 2. HP: 13/17 MP: 6/8
   532 | D:1      | Learned a level 2 spell: Blink
  1181 | D:2      | Found a shattered altar of Ashenzari.
  1349 | D:2      | Reached XP level 3. HP: 22/22 MP: 6/10
  2191 | D:3      | Reached XP level 4. HP: 20/28 MP: 7/12
  2197 | D:3      | Learned a level 3 spell: Conjure Flame
  2201 | D:3      | Learned a level 3 spell: Mephitic Cloud
  2934 | D:3      | Reached XP level 5. HP: 25/33 MP: 1/13
  3095 | D:3      | Found a deep blue altar of Sif Muna.
  3100 | D:3      | Became a worshipper of Sif Muna the Loreminder
  3652 | D:4      | Noticed an ogre
  3719 | D:4      | Reached skill level 4 in Conjurations
  4166 | D:4      | Killed an ogre
  4166 | D:4      | Reached XP level 6. HP: 24/39 MP: 0/15
  4411 | D:4      | Reached skill level 5 in Conjurations
  4757 | D:4      | Got a twisted leather armour
  4772 | D:4      | Identified the +2 leather armour of Eternal Vigilance {Int-2} (You found it on level 4 of the Dungeon)
  4815 | D:4      | Acquired Sif Muna's first power
  4929 | D:4      | Learned a level 2 spell: Repel Missiles
  5209 | D:5      | Entered Level 5 of the Dungeon
  5220 | D:5      | Noticed Duskembrace's ghost (experienced SpEn)
  5262 | D:5      | Killed Duskembrace's ghost
  5262 | D:5      | Reached XP level 7. HP: 36/44 MP: 14/17
  5375 | D:5      | Noticed Grinder
  5389 | D:5      | Paralysed by Grinder for 5 turns
  5402 | D:5      | Paralysed by Grinder for 5 turns
  5404 | D:5      | Killed Grinder
  5404 | D:5      | Acquired Sif Muna's second power
  5404 | D:5      | Reached skill level 6 in Conjurations
  5458 | D:5      | Reached XP level 8. HP: 36/50 MP: 11/18
  5462 | D:5      | Learned a level 2 spell: Call Imp
  5524 | D:5      | Found Gujiashri's Food Shop.
  6278 | D:6      | Reached skill level 7 in Conjurations
  7239 | D:6      | Found a staircase to the Ecumenical Temple.
  7311 | D:6      | Reached skill level 5 in Air Magic
  8672 | D:7      | Reached skill level 8 in Conjurations
  8672 | D:7      | Reached XP level 9. HP: 53/55 MP: 1/19
  9352 | D:8      | Noticed Psyche
  9369 | D:8      | Killed Psyche
  9369 | D:8      | Acquired Sif Muna's third power
 10364 | D:9      | Found a shimmering altar of Xom.
 10645 | D:9      | Reached skill level 9 in Conjurations
 10663 | D:9      | Reached skill level 1 in Invocations
 10699 | D:9      | Found a staircase to the Orcish Mines.
 10778 | D:10     | Entered Level 10 of the Dungeon
 11188 | D:10     | Noticed a hill giant
 11205 | D:10     | Killed a hill giant
 11205 | D:10     | Reached XP level 10. HP: 55/61 MP: 11/20
 11346 | D:10     | Noticed a hill giant
 11402 | D:10     | Killed a hill giant
 11914 | D:10     | Noticed a hill giant
 11962 | D:10     | Killed a hill giant
 11962 | D:10     | Reached skill level 10 in Conjurations
 12161 | D:11     | Found a staircase to the Lair.
 12335 | D:11     | Noticed a six-headed hydra
 12344 | D:11     | Gained mutation: You are clumsy. (Dex -2) [potion of mutation]
 12497 | D:11     | Found Ledghirya's Magical Wand Shoppe.
 12570 | Lair:1   | Entered Level 1 of the Lair of Beasts
 12577 | Lair:1   | Got a jewelled mace
 12578 | Lair:1   | Identified the mace of the Sea {speed, rN+} (You found it on level 1 of the Lair of Beasts)
 12755 | Lair:1   | Got a jewelled great mace
 12756 | Lair:1   | Identified the great mace of Vokkatsi {freeze, +Fly Int+3} (You found it on level 1 of the Lair of Beasts)
 13785 | Lair:1   | Received a gift from Sif Muna
 13786 | Lair:1   | Identified Psac's Collected Works on Aerial Confrontation (Sif Muna gifted it to you on level 1 of the Lair of Beasts)
 13793 | Lair:1   | Learned a level 1 spell: Sting
 14298 | Lair:2   | Reached XP level 11. HP: 19/62 MP: 9/22
 14429 | Lair:2   | Noticed a black mamba
 14437 | Lair:2   | Learned a level 4 spell: Iskenderun's Mystic Blast
 14450 | Lair:2   | Slain by a black mamba

Action                   |  1- 3 |  4- 6 |  7- 9 | 10-12 || total
-------------------------+-------+-------+-------+-------++-------
Melee: Unarmed           |    24 |       |     4 |       ||    28
       Dagger            |       |   113 |    45 |    46 ||   204
       Great mace        |       |       |       |    29 ||    29
 Fire: Bow               |       |       |     3 |       ||     3
 Cast: Magic Dart        |   134 |   117 |   193 |    82 ||   526
       Conjure Flame     |       |    24 |    96 |    54 ||   174
       Mephitic Cloud    |       |    20 |    63 |    41 ||   124
       Sting             |       |       |       |    30 ||    30
       Blink             |       |       |       |     1 ||     1
       Call Imp          |       |       |       |     1 ||     1
       Repel Missiles    |       |       |       |     1 ||     1
       Iskenderun's Myst |       |       |       |     5 ||     5
Invok: Channel Energy    |       |       |   123 |    47 ||   170
       Forget Spell      |       |       |       |     1 ||     1
 Abil: End Transformatio |       |     1 |       |     1 ||     2
       Bat Form          |       |     1 |       |     1 ||     2
Evoke: Wand              |       |       |     1 |       ||     1
  Use: Potion            |     5 |    11 |     4 |     5 ||    25
       Scroll            |       |     7 |     8 |     3 ||    18
 Stab: Confused          |       |     2 |     4 |     5 ||    11
       Sleeping          |       |       |       |     1 ||     1
